Kradschützen Motorcycle Team
Selects Panzerjäger Kommand Battlegroup
Construct Light Support Kompanie
Panzerjäger Mechanized Group
le.IG 18 Support Gun Team
Pak 38 Anti-tank Gun Team
Selects Defensive Positions
Selects Butterfly Bomb Drop
Construct Panzerarmee Kommand
Selects Crew Shock Tactics
Selects Anti-tank Overwatch
Kradschützen Motorcycle Team
Walking Stuka Rocket Launcher
Construct Mechanized Kompanie
18-tonne Recovery Half-track
254 Reconnaissance Tractor